 Dungeon Crawl Stone Soup version 0.28-a0-620-g539b0f7ac7 (webtiles) character file.

Game seed: 4860511309962896169

276 chris0x the Covered (level 6, -10/53 HPs)
             Began as a Minotaur Fighter on Sept 23, 2021.
             Was an Initiate of Trog.
             Mangled by a fire elemental (13 damage)
             ... created by the fiery vengeance of Ignis
             ... on level 5 of the Dungeon on Oct 6, 2021.
             The game lasted 00:10:29 (4051 turns).

chris0x the Covered (Minotaur Fighter)              Turns: 4051, Time: 00:10:30

Health: -10/53     AC: 11    Str: 22    XL:     6   Next: 4%
Magic:  5/5        EV: 10    Int:  5    God:    Trog [......]
Gold:   191        SH:  4    Dex: 10    Spells: 5/5 levels left

rFire   . . .      SeeInvis .   a - +0 flail
rCold   . . .      Faith    .   c - +0 buckler
rNeg    . . .      Spirit   .   b - +0 scale mail
rPois   .          Reflect  .   (helmet restricted)
rElec   .          Harm     .   t - +0 cloak
rCorr   .          Rampage  .   n - +1 pair of gloves
Will    .....                   i - +0 pair of boots
Stlth   ..........              l - amulet of the acrobat
HPRegen 0.17/turn               (no ring)
MPRegen 0.09/turn               (no ring)

@: about to teleport, fire susceptible
A: horns 2, retaliatory headbutt
a: Renounce Religion


You were on level 5 of the Dungeon.
You worshipped Trog.
Trog was noncommittal.
You visited 2 branches of the dungeon, and saw 6 of its levels.

You collected 191 gold pieces.

Inventory:

Hand Weapons
 a - a +0 flail (weapon)
Missiles
 e - 128 stones
 h - 15 arrows
 o - 6 boomerangs (quivered)
 q - 4 javelins
 r - 4 poisoned darts
Armour
 b - a +0 scale mail (worn)
 c - a +0 buckler (worn)
 i - a +0 pair of boots (worn)
 n - a +1 pair of gloves (worn)
 t - a +0 cloak (worn)
 v - a +0 chain mail
Jewellery
 l - an amulet of the acrobat (around neck)
 s - a ring of flight
Scrolls
 w - a scroll of identify
Potions
 d - 2 potions of might
 f - a potion of resistance
 g - a potion of brilliance {unknown}
 j - a potion of degeneration {unknown}
 k - a potion of ambrosia {unknown}
 p - 4 potions of curing {unknown}
 u - a potion of heal wounds {unknown}


   Skills:
 * Level 4.7 Fighting
 * Level 3.7 Maces & Flails
 + Level 1.8 Throwing
 * Level 4.8 Armour
 * Level 2.1 Dodging
 + Level 4.8 Shields


You had 5 spell levels left.
You didn't know any spells.
Your spell library contained the following spells:

 Spells                   Type           Power      Damage    Failure   Level
 Animate Skeleton         Necr           0%         N/A       78%         1
 Apportation              Tloc           0%         N/A       78%         1
 Summon Small Mammal      Summ           0%         N/A       78%         1
 Corpse Rot               Necr/Air       N/A        N/A       89%         2
 Poisonous Vapours        Pois/Air       0%         N/A       89%         2


Dungeon Overview and Level Annotations

Branches:
Dungeon (5/15)             Temple (1/1) D:4

Altars:
Ashenzari
Cheibriados
Dithmenos
Elyvilon
Fedhas
Kikubaaqudgha
Makhleb
Nemelex Xobeh
Qazlal
Ru
Sif Muna
Trog
Vehumet
Wu Jian
Xom
Yredelemnul
The Shining One
Ignis

Shops:
D:3 (


Innate Abilities, Weirdness & Mutations

You have a pair of horns on your head.
You reflexively headbutt those who attack you in melee.


Message History

You kill the ball python!
Trog accepts your kill.
An adder skeleton comes into view.
An adder skeleton is nearby!
The adder skeleton completely misses you.
The adder skeleton misses you. You furiously retaliate!
You headbutt the adder skeleton! "These will know how to inflict the punishment due to you!" 2 fire elementals come into view.
You block the adder skeleton's attack. The adder skeleton barely misses you.
The adder skeleton misses you. The adder skeleton barely misses you.
You block the fire elemental's attack. The fire elemental misses you.
You furiously retaliate!
You headbutt the fire elemental. The fire elemental hits you.
The fire elemental burns you! The fire elemental hits you.
The fire elemental burns you!
The adder skeleton is engulfed in blazing flames.
The adder skeleton is destroyed!
The fire elemental misses you.
The fire elemental completely misses you.
The fire elemental hits you. The fire elemental burns you!
You block the fire elemental's attack. The fire elemental hits you.
The fire elemental burns you!
* * * LOW HITPOINT WARNING * * *
The fire elemental completely misses you.
There is a stone staircase leading down here.
The fire elemental hits you. The fire elemental burns you!
* * * LOW HITPOINT WARNING * * *
The fire elemental hits you. The fire elemental burns you!
* * * LOW HITPOINT WARNING * * *
You climb downwards.
The steam dragon hisses angrily.
The yak bellows! x5; You hear an angry hiss.
Found 18 gold pieces.
There is a stone staircase leading up here.
As you read the scroll of teleportation, it crumbles to dust.
You feel strangely unstable. The fire elemental hits you.
The fire elemental burns you!
You die...

# ###.#####
##.....E.#
....Y..@.#
....Y..Y.#
.....YYY.#
......Z..D
.........#.
........###.
........# .#
...$....# .


You could see 6 yaks, a fire elemental, a steam dragon and a bullfrog zombie.

Vanquished Creatures
  Jessica (D:2)
  Terence (D:2)
  An orc wizard (D:4)
  5 adders
  3 gnolls (D:3)
  An ufetubus (D:4)
  A worm (D:4)
  5 dart slugs
  2 orcs (D:4)
  8 ball pythons
  6 bats
  4 endoplasms
  5 giant cockroaches (D:1)
  11 goblins
  16 hobgoblins
  12 jackals
  A quokka (D:3)
  5 frilled lizards
  4 kobolds
  3 rats
95 creatures vanquished.

Vanquished Creatures (others)
  An adder skeleton (D:4)
  3 plants (D:1)
4 creatures vanquished.

Grand Total: 99 creatures vanquished

Notes
Turn   | Place    | Note
-------+----------+-------------------------------------------
     0 | D:1      | chris0x the Minotaur Fighter began the quest for the Orb.
     0 | D:1      | Reached XP level 1. HP: 19/19 MP: 0/0
   170 | D:1      | Reached XP level 2. HP: 27/27 MP: 1/1
   256 | D:1      | Upgraded the game from 0.28-a0-519-gbfeecf2fc5 to
                  | 0.28-a0-620-g539b0f7ac7
   304 | D:1      | Found a faded altar of an unknown god.
   316 | D:1      | Became a worshipper of Ignis, the Dying Flame
   564 | D:1      | Reached XP level 3. HP: 33/33 MP: 2/2
  1010 | D:2      | Noticed Jessica
  1016 | D:2      | Killed Jessica
  1017 | D:2      | Reached skill level 1 in Dodging
  1017 | D:2      | Reached XP level 4. HP: 17/40 MP: 3/3
  1241 | D:2      | Noticed Terence
  1261 | D:2      | Killed Terence
  1262 | D:2      | Reached skill level 1 in Throwing
  2147 | D:3      | Found a broken altar of Ashenzari.
  2165 | D:3      | Reached XP level 5. HP: 47/47 MP: 4/4
  2488 | D:3      | Found Qerphe Wecuf's Weapon Boutique.
  3395 | D:4      | Found a staircase to the Ecumenical Temple.
  3517 | Temple   | Entered the Ecumenical Temple
  3753 | Temple   | Fell from the grace of Ignis
  3753 | Temple   | Became a worshipper of Trog the Wrathful
  3922 | D:4      | Reached XP level 6. HP: 51/53 MP: 5/5
  4024 | D:4      | Noticed a fire elemental
  4024 | D:4      | Noticed a fire elemental
  4049 | D:4      | HP: 2/53 [fire elemental[the fiery vengeance of Ignis] (6)]
  4050 | D:5      | Entered Level 5 of the Dungeon
  4050 | D:5      | Noticed a steam dragon
  4050 | D:5      | Noticed a yak
  4050 | D:5      | Noticed a yak
  4050 | D:5      | Noticed a yak
  4050 | D:5      | Noticed a yak
  4050 | D:5      | Noticed a yak
  4050 | D:5      | Noticed a yak
  4051 | D:5      | Mangled by a fire elemental

Illustrated notes

Levels and vault maps discovered:
D:1:      roderic_crop_circles_arrival_small, layout_rooms,
          ebering_ecumenical_altar_hall
D:2:      layout_basic, serial_park_tiny_pond, uniq_jessica, uniq_terence
D:3:      layout_loops_cross, ashenzari_conservatory_becter, serial_shops, shop,
          minivault_11, grunt_ministairs_6, minmay_goblin_kobold_house
D:4:      layout_basic, nzn_hepliaklqana_mist_gate,
          minmay_temple_entry_large_hall, goddamned_bats, uniq_pikel
D:5:      layout_cave_pods, mainiacjoe_overflow_alcove_1, grunt_gozag_statues,
          st_stairs_1, uniq_edmund
Temple:   eino_temple_rhombus

Skill      XL: |  1  2  3  4  5 |
---------------+----------------+-----
Armour         | 4 |  4.8
Fighting       | 4 |  4.7
Shields        | 4 |  4.8
Maces & Flails | 3 |  3.7
Dodging        | 1 2 |  2.1
Throwing       | 1 |  1.8

Action                   |  1- 3 |  4- 6 || total
-------------------------+-------+-------++-------
Melee: Flail             |    72 |   138 ||   210
       Headbutt          |     5 |    22 ||    27
  Use: Scroll            |     2 |     4 ||     6
Armor: Scale mail        |    62 |    66 ||   128
Dodge: Dodged            |    49 |   137 ||   186
Block: Buckler           |    24 |    43 ||    67

Table legend: (Time is in decaauts)
 A = Elapsed time spent in this place.
 B = Non-inter-level travel time spent in this place.
 C = Inter-level travel time spent in this place.
 D = Time resting spent in this place.
 E = Time spent auto-exploring this place.
 F = Levels seen in this place.
 G = Mean time per level.
                   A        B        C        D        E       F      G
               +--------+--------+--------+--------+--------+-----+--------+
         Total |   4102 |   3940 |    162 |    665 |   2225 |   6 |  683.7 |
       Dungeon |   3817 |   3702 |    115 |    665 |   2033 |   5 |  763.4 |
        Temple |    284 |    237 |     47 |      0 |    192 |   1 |  284.0 |
               +--------+--------+--------+--------+--------+-----+--------+

Top non-repeatable levels by time:
     D:2: 1437 daAuts
     D:3: 1075 daAuts
     D:1: 740 daAuts
     D:4: 563 daAuts
  Temple: 284 daAuts
     D:5: 0 daAuts
